Cogmind - Beta 11 @@@ ROGUE MODE // 2022.04.20 @ 19:51:18 // Winter2019/RPGLIKE Player: Kiks Result: Destroyed by Y-45 Defender with Beam Rifle Performance ------------- Evolutions (2) 1000 Regions Visited (5) 1000 Robots Destroyed (46) 230 Value Destroyed (1086) 1086 Prototype IDs (1) 20 Alien Tech Used (0) 0 Bonus (19) 19 TOTAL SCORE: 3355 Bonus ------- High Alert Combat Kills 19 Cogmind --------- Core Integrity 0/600 Matter 300/300 Energy 249/250 System Corruption 0% Temperature Cool (12) Movement Flying (34) Location -8/Materials Parts ------- > --- POWER (1) -------- Ion Engine > --- PROPULSION (3) --- Flight Unit Flight Unit Flight Unit > --- UTILITY (3) ------ Melee Analysis Suite > --- WEAPON (2) ------- Mining Claw Mining Claw > --- INVENTORY (3) ---- Protomatter-44 Light Deuterium Engine Flight Unit Peak State ------------ > --- POWER ------------ Light Nuclear Core > --- PROPULSION ------- Improved Aluminum Leg Improved Aluminum Leg > --- UTILITY ---------- Cooling System Cooling System > --- WEAPON ----------- Improved Medium Laser Improved Medium Laser > --- INVENTORY -------- Protomatter Mining Claw Mining Claw [Rating: 17] Favorites ----------- Power Light Nuclear Core Engine Ion Engine Power Core Light Nuclear Core Propulsion Flight Unit Leg Aluminum Leg Flight Unit Flight Unit Utility Cooling System Device Cooling System Processor Melee Analysis Suite Weapon Mining Claw Energy Gun Improved Medium Laser Slashing Weapon Mining Claw Build | -11 -10 -10 -10 -9 -8 ------- Run | Scr Mat Min Exi Min Mat Slots Evolved 5 | 3 1 . . 1 . Power . | . . . . . . Propulsion 2 | 1 1 . . . . Utility 2 | 1 . . . 1 . Weapon 1 | 1 . . . . . Parts Attached 30 | 5 15 . . 6 4 Power 3 | 1 1 . . 1 . Engine 2 | 1 . . . 1 . Core 1 | . 1 . . . . Reactor . | . . . . . . Propulsion 16 | 2 7 . . 5 2 Treads . | . . . . . . Leg 5 | 2 3 . . . . Wheel . | . . . . . . Hover . | . . . . . . Flight 11 | . 4 . . 5 2 Utility 4 | . 2 . . . 2 Device 3 | . 2 . . . 1 Storage . | . . . . . . Processor 1 | . . . . . 1 Hackware . | . . . . . . Protection . | . . . . . . Artifact . | . . . . . . Weapon 7 | 2 5 . . . . Energy Gun 5 | 2 3 . . . . Energy Cannon . | . . . . . . Ballistic Gun . | . . . . . . Ballistic Cannon . | . . . . . . Launcher . | . . . . . . Special Weapon . | . . . . . . Impact Weapon . | . . . . . . Slashing Weapon 2 | . 2 . . . . Piercing Weapon . | . . . . . . Special Melee Weapon . | . . . . . . Unidentified Prototypes 1 | . 1 . . . . Parts Lost 2 | . . . . 2 . Power 1 | . . . . 1 . Propulsion 1 | . . . . 1 . Utility . | . . . . . . Weapon . | . . . . . . Highest Loss Streak 1 | . . . . 1 . To Critical Strikes . | . . . . . . Average Slot Usage (%) 76 | . 80 75 75 69 76 Engine 2 | . 1 . . . 11 Core 9 | . 12 12 12 10 . Leg 8 | . 18 . . . . Flight 22 | . 9 37 37 33 33 Device 6 | . 13 . . . . Processor 2 | . . . . . 10 Energy Gun 8 | . 18 . . . . Slashing Weapon 14 | . 4 25 25 23 22 Naked Turns . | . . . . . . Heaviest Build 15 | 8 15 9 9 9 9 Greatest Support 26 | 20 26 12 12 12 12 Greatest Overweight (x) 1 | 1 1 . . . . Average Overweight (x) . | . . . . . . Largest Inventory Capacity 3 | 2 3 3 3 3 3 Average Capacity 2 | 1 2 3 3 3 3 Most Carried 3 | . 3 1 1 3 3 Average Carried 1 | . 1 . 1 1 2 Final Capacity 3 | 2 3 3 3 3 3 Final Carried 3 | . . 1 1 1 3 Class Distribution -------------------- 50% | Mutant 49% | Scavenger-Mutant Dominant Class ---------------- Mutant | -10/Materials Scavenger-Mutant | -10/Mines Scavenger-Mutant | -10/Exiles Scavenger-Mutant | -9/Mines Scavenger-Mutant | -8/Materials Resources | -11 -10 -10 -10 -9 -8 ----------- Run | Scr Mat Min Exi Min Mat Matter Collected 500 | 250 143 7 . 60 40 Remotely . | . . . . . . Salvage Created 1161 | . 359 188 . 270 344 Parts 90 | . 28 9 . 30 23 Haulers Intercepted . | . . . . . . Recyclers Shooed 1 | . . 1 . . . Parts Field Recycled . | . . . . . . Retrieved Matter . | . . . . . . Parts Self-Destructed . | . . . . . . Prevented . | . . . . . . Kills | -11 -10 -10 -10 -9 -8 ------- Run | Scr Mat Min Exi Min Mat Combat Hostiles Destroyed 38 | . 11 2 . 18 7 Melee 31 | . 4 2 . 18 7 Guns 6 | . 6 . . . . Classes Destroyed 9 | . 4 . . 3 2 Worker 1 | . . . . 1 . Tunneler 1 | . . . . 1 . Recycler 4 | . 1 2 . . 1 Watcher 4 | . 3 . . . 1 Swarmer 16 | . 3 . . 12 1 Grunt 17 | . 8 2 . 4 3 Sentry 1 | . . . . . 1 Hunter 2 | . . . . . 2 Assembled 2 | . . . . 2 . Best Kill Streak 6 | . 3 6 . 6 2 Combat Bots Only 6 | . 3 2 . 6 2 Max Kills in Single Turn 1 | . 1 1 . 1 1 Gunslinging . | . . . . . . Exploded . | . . . . . . Melee 1 | . 1 1 . 1 1 Uniques/NPCs Destroyed . | . . . . . . Combat | -11 -10 -10 -10 -9 -8 -------- Run | Scr Mat Min Exi Min Mat Damage Taken 2177 | . 700 14 . 797 666 Core 1889 | . 612 14 . 686 577 Absorbed by Shields . | . . . . . . Redirected to Core 936 | . 279 . . 354 303 Core Remaining (%) 73 | 100 . . . 46 . Volleys Fired 23 | . 23 . . . . Largest 2 | . 2 . . . . Hottest 112 | . 112 . . . . Shots Fired 46 | . 46 . . . . Gun 46 | . 46 . . . . Cannon . | . . . . . . Launcher . | . . . . . . Special . | . . . . . . Kinetic . | . . . . . . Thermal 46 | . 46 . . . . Explosive . | . . . . . . Electromagnetic . | . . . . . . Robot Hit Streak 6 | . 6 . . . . Robot Miss Streak 5 | . 5 . . . . Penetration Max . | . . . . . . Secondary Targets . | . . . . . . Shots Hit Robots 148 | . 52 5 . 49 42 Core Hits 47 | . 17 4 . 16 10 Critical Kills . | . . . . . . Critical Parts Destroyed . | . . . . . . Critical Strikes 3 | . 3 . . . . Burn 3 | . 3 . . . . Melee Attacks 181 | . 42 6 . 81 52 Impact . | . . . . . . Slashing 181 | . 42 6 . 81 52 Piercing . | . . . . . . Sneak Attacks 11 | . 2 2 . 4 3 Combat Hostiles 1 | . . . . . 1 Follow-up Attacks 11 | . . . . 4 7 Damage Inflicted 3739 | . 1069 183 . 1325 1162 Guns 422 | . 422 . . . . Cannons . | . . . . . . Explosions . | . . . . . . Melee 3317 | . 647 183 . 1325 1162 Ramming . | . . . . . . Kinetic . | . . . . . . Thermal 422 | . 422 . . . . Explosive . | . . . . . . Electromagnetic . | . . . . . . Impact . | . . . . . . Slashing 3317 | . 647 183 . 1325 1162 Piercing . | . . . . . . Highest Corruption . | . . . . . . Average Corruption . | . . . . . . Corruption Purged . | . . . . . . Corruption Blocked . | . . . . . . Overload Shots . | . . . . . . Overflow Damage 227 | . 37 18 . 104 68 Projectiles . | . . . . . . Explosions . | . . . . . . Melee 227 | . 37 18 . 104 68 Knockbacks . | . . . . . . Impact . | . . . . . . Kinetic . | . . . . . . Secondary . | . . . . . . Self-Inflicted Damage . | . . . . . . Shots . | . . . . . . Rammed . | . . . . . . Targets Rammed . | . . . . . . Kicked . | . . . . . . Crushed . | . . . . . . Highest Temperature 306 | . 306 1 . . 14 Average Temperature 146 | . 156 1 . . 13 Received Heat Transfer 642 | . 330 9 . 114 189 Siege Activations . | . . . . . . Robots Corrupted . | . . . . . . Combat Hostiles . | . . . . . . Parts Fried . | . . . . . . Impact Corruptions . | . . . . . . Robots Melted 1 | . 1 . . . . Combat Hostiles 1 | . 1 . . . . Parts Melted 1 | . 1 . . . . Heat Transferred 1223 | . 1223 . . . . Parts Sabotaged . | . . . . . . Parts Stolen . | . . . . . . Parts Stripped . | . . . . . . Power Chain Reactions . | . . . . . . Missiles Intercepted . | . . . . . . Alert | -11 -10 -10 -10 -9 -8 ------- Run | Scr Mat Min Exi Min Mat Peak Influence 451 | . 222 161 . 400 451 Initial 156 | . . 86 . . 156 Average 159 | . 101 155 . 192 278 Maximum Alert Level 2 | . 1 . . 2 2 Low Security (%) 73 | 100 97 100 . 56 24 Level 1 22 | . 2 . . 32 66 Level 2 4 | . . . . 11 9 Level 3 . | . . . . . . Level 4 . | . . . . . . Level 5 . | . . . . . . High Security . | . . . . . . Max Security . | . . . . . . Squads Dispatched 4 | . 2 . . . 2 Investigation 1 | . 1 . . . . Extermination . | . . . . . . Reinforcement 3 | . 1 . . . 2 Assault . | . . . . . . Garrison . | . . . . . . Intercept . | . . . . . . Searches Triggered . | . . . . . . Construction Impeded . | . . . . . . Haulers Reinforced . | . . . . . . Active Scanning Responses . | . . . . . . Cargo Convoy Interrupts . | . . . . . . Stealth | -11 -10 -10 -10 -9 -8 --------- Run | Scr Mat Min Exi Min Mat Distress Signals 1 | . 1 . . . . Communications Jammed . | . . . . . . Distress Signals . | . . . . . . Times Spotted 57 | . 19 2 . 20 16 Peak Tracking Total 8 | . 4 2 . 8 2 Tactical Retreats 4 | . . . . 2 2 Traps | -11 -10 -10 -10 -9 -8 ------- Run | Scr Mat Min Exi Min Mat Traps Triggered 2 | . 2 . . . . Indirectly . | . . . . . . Trap Hack Attempts . | . . . . . . Triggered . | . . . . . . Disarmed . | . . . . . . Reprogrammed . | . . . . . . Reused . | . . . . . . Traps Extracted . | . . . . . . Installed . | . . . . . . Triggered . | . . . . . . Machines | -11 -10 -10 -10 -9 -8 ---------- Run | Scr Mat Min Exi Min Mat Machines Disabled 1 | . 1 . . . . Max in Single Turn 1 | . 1 . . . . Machines Sabotaged . | . . . . . . Garrisons Compromised . | . . . . . . Overloaded Fab Kills . | . . . . . . Hacking | -11 -10 -10 -10 -9 -8 --------- Run | Scr Mat Min Exi Min Mat Machines Accessed 4 | . 2 . 1 . 1 Terminals 3 | . 2 . . . 1 Fabricators . | . . . . . . Repair Stations . | . . . . . . Recycling Units . | . . . . . . Scanalyzers . | . . . . . . Garrison Access . | . . . . . . Total Hacks 29 | . 3 . 23 . 3 Successful 28 | . 2 . 23 . 3 Failed 1 | . 1 . . . . Catastrophic 1 | . 1 . . . . Database Lockouts . | . . . . . . Manual 4 | . 3 . . . 1 Terminals 6 | . 3 . . . 3 Fabricators . | . . . . . . Repair Stations . | . . . . . . Recycling Units . | . . . . . . Scanalyzers . | . . . . . . Garrison Access . | . . . . . . Terminal Hacks 25 | . . . 23 . 2 Record 23 | . . . 23 . . Alert Level 2 | . . . . . 2 Fabricator Hacks . | . . . . . . Repair Station Hacks . | . . . . . . Recycling Unit Hacks . | . . . . . . Scanalyzer . | . . . . . . Garrison Access Hacks . | . . . . . . Unauthorized Hacks 3 | . 2 . . . 1 Terminals 3 | . 2 . . . 1 Assimilate 1 | . 1 . . . . Botnet 2 | . 1 . . . 1 Fabricators . | . . . . . . Repair Stations . | . . . . . . Recycling Units . | . . . . . . Scanalyzers . | . . . . . . Garrison Access . | . . . . . . Data Cores Recovered . | . . . . . . Used . | . . . . . . Hacking Detections 3 | . 2 . . . 1 Full Trace Events . | . . . . . . Feedback Events . | . . . . . . Feedback Blocked . | . . . . . . Robot Schematics Acquired . | . . . . . . Robots Built . | . . . . . . Authchips . | . . . . . . Time . | . . . . . . Total Robot Build Rating . | . . . . . . Part Schematics Acquired . | . . . . . . Parts Built . | . . . . . . Authchips . | . . . . . . Time . | . . . . . . Total Part Build Rating . | . . . . . . Parts Repaired . | . . . . . . Time . | . . . . . . Parts Recycled . | . . . . . . Recycled Matter . | . . . . . . Retrieved Matter . | . . . . . . Retrieved Components . | . . . . . . Parts Scanalyzed . | . . . . . . Part Schematics Acquired . | . . . . . . Parts Damaged . | . . . . . . Bothacking | -11 -10 -10 -10 -9 -8 ------------ Run | Scr Mat Min Exi Min Mat Used RIF Installer . | . . . . . . Robots Hacked . | . . . . . . Non-combat . | . . . . . . Combat . | . . . . . . Robot Hacks Applied . | . . . . . . Relay Couplers Released . | . . . . . . Fabnet Peak Effective % . | . . . . . . Robots Rewired . | . . . . . . Allies Hacked . | . . . . . . Hacks Repelled . | . . . . . . Allies | -11 -10 -10 -10 -9 -8 -------- Run | Scr Mat Min Exi Min Mat Total Allies . | . . . . . . Largest Group . | . . . . . . Highest-Rated Group . | . . . . . . Highest-Rated Ally . | . . . . . . Total Orders . | . . . . . . Ally Attacks . | . . . . . . Total Damage . | . . . . . . Kills . | . . . . . . Allies Corrupted . | . . . . . . Allies Melted . | . . . . . . Intel | -11 -10 -10 -10 -9 -8 ------- Run | Scr Mat Min Exi Min Mat Robot Analysis Total . | . . . . . . Derelict Logs Recovered 2 | . . 2 . . . Drone Launches . | . . . . . . Drone Recoveries . | . . . . . . Exploration | -11 -10 -10 -10 -9 -8 ------------- Run | Scr Mat Min Exi Min Mat Turns Passed 1713 | 46 762 131 43 396 335 Spaces Moved 1859 | 35 569 251 126 425 453 Core 6 | 6 . . . . . Treads . | . . . . . . Legs 338 | 29 309 . . . . Wheels . | . . . . . . Hover . | . . . . . . Flight 1515 | . 260 251 126 425 453 Fastest Speed 34 | 50 34 34 34 34 34 Average Speed 50 | 110 82 34 34 34 34 Slowest Speed 190 | 120 190 34 34 34 34 Overloaded Moves . | . . . . . . Propulsion Burnouts . | . . . . . . Robots Hopped 8 | . 1 . . 7 . Cave-ins Triggered . | . . . . . . Exploration Rate (%) 47 | 3 84 59 48 43 47 Regions Visited 5 Branch Regions 3 Pre-discovered Areas 1 | . . . 1 . . Known Exits Taken . | . . . . . . Unknown Exits Taken 5 | 1 1 1 1 1 . Scrap Searched 3 | . . 2 . 1 . Spaces Dug 2 | . . . . . 2 Terrain Destroyed 2 | . . . . . 2 Melee 2 | . . . . . 2 Projectile . | . . . . . . AOE . | . . . . . . Terrain Rammed . | . . . . . . Walls Destroyed . | . . . . . . Machines Disabled . | . . . . . . Actions | -11 -10 -10 -10 -9 -8 --------- Run | Scr Mat Min Exi Min Mat Total 2254 | 39 735 286 125 524 545 Wait 90 | . 38 18 . 8 26 Move 1839 | 34 566 250 125 411 453 Hop 7 | . 1 . . 6 . Pick Up 15 | . 8 2 . 2 3 Fast Attach 16 | 5 8 . . 1 2 Attach 6 | . 5 . . 1 . Detach 1 | . . . . . 1 Swap 8 | . 2 . . 4 2 Drop 25 | . 16 1 . 5 3 Fire 23 | . 23 . . . . Melee 158 | . 42 5 . 69 42 Ram . | . . . . . . Kick . | . . . . . . Crush . | . . . . . . Escape Stasis . | . . . . . . Rewire . | . . . . . . Trap . | . . . . . . Miscellaneous 66 | . 26 10 . 17 13 Route ------- -11/Scrapyard -10/Materials (discovered 3 exits: *Mat x2 / [*Min]) -10/Mines (discovered 2 exits: Mat / *Exi) -10/Exiles -9/Mines -8/Materials (discovered 2 exits: *Fac x2) History --------- Turn | Location | Event 11 | -11/Scrapyard | Discovered new exit (range 16) 12 | -11/Scrapyard | Upgraded with Propulsion slot (x1) 12 | -11/Scrapyard | Upgraded with Utility slot (x1) 12 | -11/Scrapyard | Upgraded with Weapon slot (x1) 47 | -11/Scrapyard | Entered Materials 215 | -10/Materials | Discovered new exit (range 5) 306 | -10/Materials | Build established: Mutant 345 | -10/Materials | Discovered new exit (range 16) 567 | -10/Materials | Discovered new exit (range 6) 787 | -10/Materials | Reached level 2 804 | -10/Materials | Upgraded with Propulsion slot (x1) 809 | -10/Materials | Entered Mines 824 | -10/Mines | Met a Derelict bent on vengeance 906 | -10/Mines | Learned location of 1 exit from Materials 908 | -10/Mines | Identified exit to Materials 910 | -10/Mines | Deemed a non-threat by the Exiles lab entrance 910 | -10/Mines | Discovered new exit (range 5) 929 | -10/Mines | Found a hidden stash of uninstalled traps 940 | -10/Mines | Entered Exiles 949 | -10/Exiles | Met 8R-AWN 955 | -10/Exiles | Met EX-HEX 968 | -10/Exiles | Met EX-DEC 969 | -10/Exiles | Learned location of Zion (-6) 980 | -10/Exiles | Discovered new exit (range 10) 983 | -10/Exiles | Entered Mines 985 | -9/Mines | Reached level 3 987 | -9/Mines | Discovered new exit (range 5) 1111 | -9/Mines | Build established: Scavenger-Mutant 1118 | -9/Mines | Excavation squad dispatched 1118 | -9/Mines | A large section of the Mines collapsed 1194 | -9/Mines | Upgraded with Utility slot (x1) 1236 | -9/Mines | Core integrity fell below 50% 1285 | -9/Mines | Reached level 4 1286 | -9/Mines | Core integrity fell below 20% 1379 | -9/Mines | Entered Materials 1380 | -8/Materials | Identified exit to Factory 1380 | -8/Materials | Core integrity fell below 50% 1381 | -8/Materials | Reached level 5 1453 | -8/Materials | Discovered exit to Factory (range 3) 1690 | -8/Materials | Core integrity fell below 20% 1714 | -8/Materials | Destroyed by Y-45 Defender with Beam Rifle Last Messages --------------- 01663_ Acquired Flight Unit. 01664_ Acquired 20 matter. 01670_ K-01 Serf collects debris. 01681_ T-07 Excavator is excavating. 01682_ O-16 Technician: "IFF HANDSHAKE FAILED. SECURING TERMINAL." 01684_ O-16 Technician uses terminal to summon reinforcements. 01684_ ALERT: Hostiles spotted, dispatching reinforcements to Terminal M012. 01684_ O-16 Technician locks terminal. 01688_ Mining Claw follow-up attack on Y-45 Defender. 01689_ Critical hit (Burn: +37). 01692_ Mining Claw follow-up attack on Y-45 Defender. 01700_ Y-45 Defender destroyed. 01700_ C-30 ARC bursts open, deploying its payload. 01700_ H-55 Commando unfolds itself. 01702_ K-01 Serf cleans the Terminal. 01703_ Dropped Hardlight Generator. 01703_ K-01 Serf collects debris. 01704_ Acquired Protomatter-44. 01706_ K-01 Serf collects debris. 01711_ Sneak attack on Y-45 Defender. Map ----- +----------------------------------------------------+ | ?????### # #????????????????????????????? | | ???????# #"########????????????????????????????? | | ???????# ###???????????????????????????????????? | | ???????# #?????????????????????????????????????? | | ???????# #?????????????????????????????????????? | | ######## #?????????????????????????????????????? | | # #= #?????????????????????????????????????? | | # """ #=% #?????????????????????????????????????? | | # """ =+ #?????????????????????????????????????? | | # """ # #?????????????????????????????????????? | | # # #?????????????????????????????????????? | | # ] # #?????????????????????????????????????? | | ######## #?????????????????????????????????????? | | #??????# #?????????????????????????????????????? | | #??????# #?????????????????????????????????????? | | ######## #?????????????????????????????????????? | | #?????????????????????????????????????? | | #?????????????????????????????????????? | | #?????????????????????????????????????? | | ###+#######????????####+#???????????????????????? | | # ??????????????# ???????????????????????? | | # """??????????????# ????????????????????????? | | # """ ?????????????# ????????????????????????? | | # """ ?????????????# ###??????????????????????? | | # #????????????# #Y########???????????????? | | # """ ######???????# #@ #???????????????? | | # """ ## ####### + """ "#???????????????? | | #?????## # ! """ "#???????????????? | | %#??????# # """ "????????????????? | | #??????# # ] T????????????????? | | #??????# ##### ### """ "#???????????????? | | +???????#?? ?????# #?# * """ "#???????????????? | | ##????????? #????# #?# """ "#???????????????? | | #?????????? +????# #?# #???????????????? | | ############ #????# #?#######??????????????????? | | =% ## #????# #??????????????????????????? | | ! ""!%="" ## #????# #??????????????????????????? | | """%[ " ## #????# #??????????????????????????? | | """=*"" ## #????# #??????????????????????????? | | ## #???## ##?????????????????????????? | | +########### ##### ##########+##?????????????? | | "%" ![ ????????????? | | " * [ ????????????? | | = ????????????? | | ### ##### ######??????????????? | | "########?????#???????????????????? | | """"" T#????????????????????????????????? | | """"" "#????????????????????????????????? | | """"" ##????????????????????????????????? | | #?????????????????????????????????? | +----------------------------------------------------+ Best States ------------- Heat Dissipation 69 Energy Generation 14 Energy Capacity 250 Matter Stores 300 Matter Capacity 300 Sight Range 16 Terrain Scan Density 10 Evasion (%) 63 Melee Accuracy 5 Item Schematics ----------------- None Robot Schematics ------------------ None Fabricated ------------ Nothing Alien Tech Used ----------------- None Achievements -------------- None Challenges ------------ None RPGLIKE | -11 -10 -10 -10 -9 -8 --------- Run | Scr Mat Min Exi Min Mat Levels Raised 4 | . 1 . . 2 1 XP Earned 10154 | 3000 1560 750 200 2254 2390 XP Spent 6000 | 2250 1550 . . 2200 . Upgrades 12 | 5 2 . . 5 . Propulsion Slot 2 | 1 1 . . . . Utility Slot 2 | 1 . . . 1 . Weapon Slot 1 | 1 . . . . . Inventory Capacity 3 | 2 1 . . . . Melee Accuracy 4 | . . . . 4 . Protomatter Created 546 | . 198 78 . 127 143 Integrity Restored 1405 | . 541 201 . 366 297 Core 1289 | . 468 158 . 366 297 Parts 116 | . 73 43 . . . Protomatter Decayed 26 | . 13 . . 13 . Game ------ Seed ElectronPointyCasing Manual? 0 Play Time 00:22:56 Cumulative 98.2 hours Start 2022.04.20 @ 17:24:25 End 2022.04.20 @ 19:51:18 Sessions 1 Manual Loads 0 Difficulty Rogue Special Mode Winter2019/RPGLIKE Game No. 62 Rogue 23 Adventurer 5 Explorer 34 Win Type - Total 19 Types 10/0/4/4/1/0/0/0/0 Lore% 68 Gallery% 66 Achievement% 71 Wizard Run 0 Options --------- ASCII 0 Keyboard 0 Movement Mouse Keybinds 0 Fullscreen 1 Font 12/Terminus Map View 83x54 Tactical HUD 1 Map Filters NONE Filters NONE Steam 1 RUN: d7b389cd-7000-4549-8fb3-f13bce4e645a